 Dungeon Crawl Stone Soup version 0.30-a0-852-g08b95dd62f (webtiles) character file.

Game seed: 17131369068238950968

3750 Farfigtubin the Covert (level 10, -2/79 HPs)
             Began as a Kobold Brigand on Mar 5, 2023.
             Was an Initiate of Gozag.
             Slain by a wight
             ... wielding a +4 great sword
             ... summoned by an orc wizard
              (19 damage)
             ... on level 8 of the Dungeon.
             The game lasted 00:58:05 (6504 turns).

Farfigtubin the Covert (Kobold Brigand)             Turns: 6504, Time: 00:58:06

Health: -2/79      AC: 25    Str:  8    XL:     10   Next: 37%
Magic:  10/10      EV:  3    Int: 12    God:    Gozag
Gold:   569        SH:  0    Dex: 22    Spells: 9/9 levels left

rFire   . . .      SeeInvis .    w - +5 dagger (freeze)
rCold   . . .      Faith    .    (no shield)
rNeg    . . .      Spirit   .    b - melded +0 robe
rPois   +          Reflect  .    (helmet currently unavailable)
rElec   .          Rampage  .    c - melded +0 cloak
rCorr   .          NoTele   +    (gloves currently unavailable)
Will    +....                    D - melded +1 pair of boots
Stlth   ++++++                   a - amulet of regeneration
HPRegen 1.13/turn                n - ring of willpower
MPRegen 0.12/turn                (no ring)

@: tree-form
A: stationary, stasis, torment immunity, boosted hp, small, no large weapons,
nightstalker 3
a: Renounce Religion, Potion Petition, Call Merchant, Bribe Branch


You were on level 8 of the Dungeon.
You worshipped Gozag.
Gozag was pleased with you.
You were a tree.
You visited 2 branches of the dungeon, and saw 9 of its levels.

You collected 694 gold pieces.
You paid 125 gold pieces to Gozag.

Inventory:

Hand Weapons
 q - a +3 dagger of flaming
 w - a +5 dagger of freezing (weapon)
Missiles
 d - 36 poisoned darts (quivered)
 e - 3 curare-tipped darts
 h - 81 stones
 i - 4 boomerangs
Armour
 b - a +0 robe (melded)
 c - a +0 cloak (melded)
 D - a +1 pair of boots (melded)
Jewellery
 a - an amulet of regeneration (around neck)
 m - an amulet of faith
 n - a ring of willpower (left branch)
Wands
 s - a wand of polymorph (1)
 H - a wand of paralysis (1)
 I - a wand of roots (4)
Scrolls
 k - 3 scrolls of teleportation {unknown}
 l - 2 scrolls of blinking {unknown}
 o - 3 scrolls of poison {unknown}
 p - 4 scrolls of enchant weapon
 t - 3 scrolls of fear {unknown}
 x - 2 scrolls of torment {unknown}
 y - 2 scrolls of enchant armour {unknown}
 A - 2 scrolls of fog {unknown}
 C - 2 scrolls of amnesia {unknown}
 F - 2 scrolls of magic mapping {unknown}
 K - a scroll of immolation {unknown}
Potions
 f - 5 potions of lignification
 g - 2 potions of degeneration {unknown}
 j - 2 potions of curing
 r - 4 potions of might
 u - a potion of mutation {unknown}
 v - 3 potions of brilliance {unknown}
 z - a potion of flight {unknown}
 B - 4 potions of attraction {unknown}
 E - 2 potions of ambrosia {unknown}
 G - a potion of berserk rage {unknown}
 J - a potion of haste {unknown}


   Skills:
 - Level 2.1 Fighting
 - Level 10.0 Short Blades
 + Level 6.0 Throwing
 * Level 10.1 Dodging
 + Level 11.6 Stealth


You had 9 spell levels left.
You didn't know any spells.
Your spell library contained the following spells:

 Spells                   Type           Power      Damage    Failure   Level
 Blink                    Tloc           0%         N/A       45%         2
 Lesser Beckoning         Tloc           0%         N/A       45%         2
 Momentum Strike          Conj/Tloc      0%         3d8       45%         2
 Kindle Blastsparks       Fire/Tloc/Air  0%         2d10      69%         3
 Fulminant Prism          Conj/Hex       0%         3d5       97%         4
 Iskenderun's Mystic Bla  Conj/Tloc      0%         2d3       97%         4
 Lee's Rapid Deconstruct  Erth           0%         3d4*      100%        5


Dungeon Overview and Level Annotations

Branches:
Dungeon (8/15)             Temple (1/1) D:6
   Lair: D:8-11

Altars:
Ashenzari
Cheibriados
Dithmenos
Elyvilon
Fedhas
Gozag
Hepliaklqana
Kikubaaqudgha
Makhleb
Nemelex Xobeh
Okawaru
Qazlal
Ru
Sif Muna
Uskayaw
Vehumet
Wu Jian
Xom
Yredelemnul
Zin
The Shining One

Shops:
D:1 [*[

Annotations:
D:7 Pikel
D:8 3 runed translucent doors


Innate Abilities, Weirdness & Mutations

You are a tree.
Your roots penetrate the ground, keeping you stationary.
You cannot be teleported.
You are immune to unholy pain and torment.
Your maximum health is greatly increased.
Your equipment is partially melded.
You are small and have problems with some larger weapons.
You are completely attuned to the shadows.


Message History

Deactivating autopickup; reactivate with Ctrl-A.
You hit the wight but do no damage.
The wight hits you but does no damage. x2
You hit the wight.
The wight is lightly damaged.
You hit the wight.
The wight is lightly damaged.
The wight hits you but does no damage. The wight barely misses you.
The orc shouts!
You hit the wight.
The wight is lightly damaged.
You hear a bellow! x3
You hit the wight.
The wight is heavily damaged.
The wight barely misses you. The wight hits you but does no damage.
You closely miss the wight.
The wight is heavily damaged.
You hit the wight.
The wight is heavily damaged.
The wight hits you with a +4 great sword.
The wight hits you but does no damage.
You hit the wight but do no damage.
The wight is heavily damaged.
You hit the wight.
The wight is severely damaged.
The wight hits you with a +0 trident!
* * * LOW HITPOINT WARNING * * *
The wight hits you but does no damage.
You barely miss the wight.
The wight is severely damaged.
You closely miss the wight.
The wight is severely damaged.
The wight barely misses you. The wight hits you but does no damage.
You hit the wight but do no damage.
The wight is heavily damaged.
You hit the wight but do no damage.
The wight is heavily damaged.
The wight hits you but does no damage.
The wight hits you with a +4 great sword!!
You die...
Your body crumbles into a pile of gold.

#.#...##.#.#.#
#.#.##.#.#.#.#
#.#.#.).#.#.#.#
#.#.#.##.#.#.#
#.#.##...#.#.#
#.#...####.#.#
$ #.####.....#
#....K######.#
######o{z♣z..#
....o########
#######.....
....go......
.......o.#..
............ ##
........... $
.. ...........
.#


You could see a kobold brigand (summoned), 2 wights, an orc wizard and an orc
(summoned).

Vanquished Creatures
  Joseph (D:8)
  A slime creature (D:8)
  Grum (D:8)
  A steam dragon (D:7)
  2 wargs
  Edmund (D:6)
  A water moccasin (D:7)
  3 sky beasts
  2 centaurs
  2 wolves
  A lemure (D:8)
  3 phantoms
  A kobold brigand (D:8)
  4 scorpions
  3 bullfrogs
  5 wights (D:6)
  4 killer bees (D:6)
  2 howler monkeys (D:8)
  A jelly (D:6)
  4 orc priests
  3 hounds (D:5)
  3 iguanas
  A sleepcap (D:4)
  7 orc wizards
  A gnoll (D:1)
  10 adders
  A white imp (D:7)
  An ufetubus (D:5)
  2 worms
  3 dart slugs
  18 orcs
  13 endoplasms
  3 giant cockroaches
  5 hobgoblins
  2 quokkas
  5 ball pythons
  2 bats (D:1)
  8 frilled lizards
  4 goblins
  11 kobolds
  6 rats
152 creatures vanquished.

Vanquished Creatures (others)
  A plant (D:1)
1 creature vanquished.

Grand Total: 153 creatures vanquished

Notes
Turn   | Place    | Note
-------+----------+-------------------------------------------
     0 | D:1      | Farfigtubin the Kobold Brigand began the quest for the Orb.
     0 | D:1      | Reached XP level 1. HP: 12/12 MP: 1/1
   108 | D:1      | Reached XP level 2. HP: 17/17 MP: 2/2
   248 | D:1      | Found Ozxackia's General Store.
   281 | D:1      | Reached XP level 3. HP: 21/21 MP: 3/3
   334 | D:1      | Found Jochyn's Antique Armour Emporium.
   500 | D:1      | Found Ciegur's Antique Armour Shop.
   596 | D:2      | Found a white marble altar of Elyvilon.
   707 | D:2      | Reached XP level 4. HP: 26/26 MP: 4/4
  1016 | D:2      | Reached skill level 6 in Stealth
  1391 | D:3      | Reached XP level 5. HP: 30/30 MP: 5/5
  1672 | D:4      | Reached skill level 5 in Short Blades
  2603 | D:4      | Found a shimmering blue altar of Sif Muna.
  2791 | D:4      | Reached XP level 6. HP: 35/35 MP: 6/6
  2930 | D:5      | Entered Level 5 of the Dungeon
  2972 | D:5      | Found a blossoming altar of Fedhas.
  2972 | D:5      | Found an iron altar of Okawaru.
  3078 | D:5      | Reached skill level 7 in Stealth
  3448 | D:5      | Reached XP level 7. HP: 40/40 MP: 7/7
  4066 | D:6      | Reached skill level 5 in Dodging
  4066 | D:6      | Reached XP level 8. HP: 44/44 MP: 8/8
  4143 | D:6      | Reached skill level 8 in Stealth
  4484 | D:6      | Found a staircase to the Ecumenical Temple.
  4621 | D:7      | Reached skill level 9 in Stealth
  4670 | D:7      | Found a stormy altar of Qazlal.
  4811 | D:7      | Reached skill level 10 in Short Blades
  4811 | D:7      | Reached XP level 9. HP: 46/48 MP: 9/9
  4969 | Temple   | Entered the Ecumenical Temple
  4998 | Temple   | Became a worshipper of Gozag Ym Sagoz the Greedy
  5040 | D:7      | Found a burning altar of Makhleb.
  5063 | D:7      | Found a basalt altar of Yredelemnul.
  5155 | D:6      | Noticed Edmund
  5175 | D:6      | Killed Edmund
  5480 | D:7      | Noticed Pikel
  5540 | D:6      | Reached skill level 10 in Stealth
  5920 | D:8      | Found a runed translucent gate.
  5920 | D:8      | Found a runed translucent gate.
  5962 | D:8      | Noticed a meliai
  6127 | D:8      | Found a runed translucent gate.
  6234 | D:7      | Reached skill level 5 in Throwing
  6234 | D:7      | Reached XP level 10. HP: 26/53 MP: 10/10
  6265 | D:8      | Noticed Joseph
  6270 | D:8      | Killed Joseph
  6271 | D:8      | Reached skill level 11 in Stealth
  6427 | D:8      | Noticed Grum
  6455 | D:8      | Reached skill level 10 in Dodging
  6472 | D:8      | Killed Grum
  6504 | D:8      | Slain by a wight

Illustrated notes

Levels and vault maps discovered:
D:1:      eino_arrival_water_cross, layout_rooms, serial_shops, shop,
          nicolae_shop_hallway_plus, shop, hangedman_decor_push,
          ebering_dispersal_statue_hall
D:2:      layout_rooms, basic_altar, nicolae_eternal_life
D:3:      layout_loops_ring
D:4:      layout_layer_cave, mainiacjoe_overflow_concentric_impassable
D:5:      minmay_spotlight, layout_basic, gammafunk_temple_overflow_elements
D:6:      layout_basic, minmay_temple_entry_from_below_a, item_on_display_a,
          uniq_edmund
D:7:      layout_rooms, mainiacjoe_overflow_six_doors_small,
          amethyst_overflow_temple_binary, uniq_pikel
D:8:      minmay_distorted_concentric_squares, layout_cave_pools,
          erik_lair_orcish_takeover, ebering_ghost_rock_garden, uniq_grum,
          uniq_joseph, uniq_gastronok
Temple:   nicolae_temple_no_exploring_needed

Skill      XL: |  1  2  3  4  5  6  7  8  9 10 |
---------------+-------------------------------+-----
Short Blades   | 3 4 5 6 8 10 | 10.0
Dodging        | 2 3 4 5 6 8 10 | 10.1
Stealth        | 6 7 9 10 11 | 11.6
Throwing       | 5 6 |  6.0
Fighting       | |  2.1

Action                     |  1- 3 |  4- 6 |  7- 9 | 10-12 || total
---------------------------+-------+-------+-------+-------++-------
  Melee: Dagger            |    71 |   118 |   325 |    80 ||   594
         Punch             |       |     1 |     3 |     2 ||     6
  Throw: Dart              |       |       |     5 |       ||     5
  Evoke: Wand              |       |       |     1 |     1 ||     2
    Use: Scroll            |       |       |     4 |       ||     4
         Potion            |       |       |     1 |     1 ||     2
   Stab: Sleeping          |    12 |    32 |    16 |       ||    60
         Distracted        |       |     2 |       |     1 ||     3
         Paralysed         |       |       |     1 |     1 ||     2
 Armour: Robe              |    14 |     7 |    34 |     7 ||    62
         Skin              |       |       |       |    14 ||    14
  Dodge: Dodged            |    40 |    28 |   232 |    32 ||   332

Table legend: (Time is in decaauts)
 A = Elapsed time spent in this place.
 B = Non-inter-level travel time spent in this place.
 C = Inter-level travel time spent in this place.
 D = Time resting spent in this place.
 E = Time spent auto-exploring this place.
 F = Levels seen in this place.
 G = Mean time per level.
                   A        B        C        D        E       F      G
               +--------+--------+--------+--------+--------+-----+--------+
         Total |   6283 |   5721 |    562 |    107 |    505 |   9 |  698.1 |
       Dungeon |   6247 |   5685 |    562 |    107 |    491 |   8 |  780.9 |
        Temple |     36 |     36 |      0 |      0 |     14 |   1 |   36.0 |
               +--------+--------+--------+--------+--------+-----+--------+

Top non-repeatable levels by time:
     D:6: 1223 daAuts
     D:5: 908 daAuts
     D:3: 891 daAuts
     D:4: 883 daAuts
     D:7: 717 daAuts
     D:1: 578 daAuts
     D:2: 576 daAuts
     D:8: 468 daAuts
  Temple: 36 daAuts
